 Dungeon Crawl Stone Soup version 0.31-a0-187-gba352fbbf7 (webtiles) character file.

Game seed: 23388715576362436

9646 IdlyInterested the Fighter (level 11, -5/97 HPs)
             Began as a Demonspawn Fighter on June 22, 2023.
             Slain by a centaur warrior simulacrum (9 damage)
             ... in a Gauntlet.
             The game lasted 00:36:27 (12526 turns).

IdlyInterested the Fighter (Demonspawn Fighter)    Turns: 12526, Time: 00:36:27

Health: -5/97      AC: 13    Str: 17    XL:     11   Next: 25%
Magic:  9/9        EV: 11    Int: 17    God:
Gold:   644        SH:  0    Dex: 13    Spells: 10/10 levels left

rFire   . . .        R - +0 scimitar
rCold   + . .        (no shield)
rNeg    . . .        N - +2 chain mail {rC+}
rPois   +            D - +0 helmet
rElec   .            c - +0 cloak
rCorr   .            (gloves unavailable)
SInv    .            (no boots)
Will    +....        (no amulet)
Stlth   +            u - ring of poison resistance
HPRegen 0.36/turn    S - ring of willpower
MPRegen 0.11/turn

%: no teleportation
@: no status effects
A: demonic guardian 1, spiny 1, sturdy frame 2, demonic touch 3, clever 2, low
MP 1
a: no special abilities


You were in a Gauntlet.
You visited 2 branches of the dungeon, and saw 13 of its levels.
You also visited: Ossuary and Gauntlet.

You collected 644 gold pieces.

Inventory:

Hand Weapons
 a - a +0 long sword
 b - a +1 dagger of speed
 r - a +0 long sword
 C - a +2 dagger of venom
 L - a +2 falchion of protection
 R - a +0 scimitar (weapon)
Missiles
 o - 7 boomerangs
 p - 108 stones (quivered)
 q - 9 poisoned darts
 A - 2 throwing nets
 G - 2 silver boomerangs
 K - 6 javelins
 O - 4 curare-tipped darts
Armour
 c - a +0 cloak (worn)
 D - a +0 helmet (worn)
 N - a +2 chain mail of cold resistance (worn)
 T - the +3 ring mail "Dyuxyg" {rN+ Will+ Int+6}
   (You found it on level 6 of the Dungeon)

   Int:       It affects your intelligence (+6).
   rN:        It protects you from negative energy.
   Will:      It increases your willpower.
 X - a +2 robe of fire resistance
Magical Staves
 E - a staff of air
Jewellery
 u - a ring of poison resistance (left hand)
 I - a ring of positive energy
 S - a ring of willpower (right hand)
Wands
 x - a wand of digging (5)
 U - a wand of mindburst (10)
 V - a wand of polymorph (8)
Scrolls
 e - 2 scrolls of fear {unknown}
 g - 2 scrolls of enchant armour {unknown}
 h - a scroll of enchant weapon
 m - 2 scrolls of immolation {unknown}
 s - 7 scrolls of teleportation {unknown}
 t - 2 scrolls of silence {unknown}
 v - 2 scrolls of revelation {unknown}
 y - a scroll of torment
 F - a scroll of amnesia
 H - 6 scrolls of blinking {unknown}
 Q - 2 scrolls of poison
Potions
 d - 3 potions of might
 f - 2 potions of lignification
 i - 3 potions of magic
 j - a potion of resistance
 l - a potion of brilliance
 n - a potion of cancellation
 w - a potion of mutation
 z - 2 potions of curing
 B - a potion of berserk rage
Miscellaneous
 M - a condenser vane


   Skills:
 * Level 12.8 Fighting
 * Level 9.2 Long Blades
 - Level 1.0 Throwing
 - Level 4.0 Armour
 - Level 4.0 Dodging
 - Level 2.0 Stealth
 - Level 2.6 Shields
 - Level 4.0 Unarmed Combat
 + Level 1.2 Evocations


You had 10 spell levels left.
You didn't know any spells.
Your spell library contained the following spells:

 Spells                   Type           Power      Damage    Failure   Level
 Kiss of Death            Conj/Necr      0%         2d5       58%         1
 Necrotise                Necr           0%         1d4       58%         1
 Sting                    Tmut/Pois      0%         1d3       58%         1
 Call Canine Familiar     Summ           0%         N/A       92%         3
 Confusing Touch          Hex            0%         N/A       92%         3
 Ignite Poison            Fire/Tmut/Pois 0%         N/A       92%         3
 Portal Projectile        Hex/Tloc       0%         N/A       92%         3
 Vampiric Draining        Necr           0%         2d6       92%         3
 Dispel Undead            Necr           0%         3d6       100%        4
 Leda's Liquefaction      Hex/Erth       0%         N/A       100%        4
 Sticky Flame             Conj/Fire      0%         2d3       100%        4
 Agony                    Necr           0%         N/A       100%        5
 Freezing Cloud           Conj/Ice/Air   0%         6-21      100%        5
 Lehudib's Crystal Spear  Conj/Erth      0%         10d2      100%        8


Dungeon Overview and Level Annotations

Branches:
Dungeon (12/15)            Temple (1/1) D:4            Lair (0/5) D:11
Ossuary (visited)         Gauntlet (1/1)
    Orc: D:9-12

Altars:
Ashenzari
Cheibriados
Dithmenos
Fedhas
Gozag
Hepliaklqana
Kikubaaqudgha
Makhleb
Nemelex Xobeh
Okawaru
Qazlal
Ru
Sif Muna
Trog
Uskayaw
Vehumet
Wu Jian
Xom
Yredelemnul

Shops:
D:1 [(*?   D:3 ?   D:7 :   D:9 (   D:10 (

Portals:
Trove: D:10 (give 7 potions of haste)

Annotations:
Gauntlet 11 transporters, 4 runed translucent doors


Innate Abilities, Weirdness & Mutations

A weak demonic guardian rushes to your aid.
You are partially covered in sharp spines.
Your movements are less encumbered by armour. (ER -4)
Your touch may irresistibly damage your foes and sap their willpower.
Your mind is very acute. (Int +8, Str/Dex -2)
Your magical capacity is low. (-10% MP)


Message History

The boggart simulacrum is almost destroyed.
The centaur warrior simulacrum hits you!
The centaur warrior simulacrum freezes you!
You resist.
The centaur warrior simulacrum kicks you.
The centaur warrior simulacrum freezes you!
You resist.
* * * LOW HITPOINT WARNING * * *
The wyvern simulacrum is struck by your spines.
The wyvern simulacrum vaporises!
The centaur warrior simulacrum barely misses you. x2
You feel better.
The boggart simulacrum hits you but does no damage.
The centaur warrior simulacrum is struck by your spines.
The centaur warrior simulacrum hits you!
* * * LOW HITPOINT WARNING * * *
A demonic guardian appears!
The centaur warrior simulacrum freezes you!
You resist.
* * * LOW HITPOINT WARNING * * *
The centaur warrior simulacrum kicks you but does no damage.
The centaur warrior simulacrum is struck by your spines.
The centaur warrior simulacrum misses you.
The centaur warrior simulacrum barely misses you.
You feel better.
The boggart simulacrum is struck by your spines.
The boggart simulacrum vaporises!
The centaur warrior simulacrum hits you.
* * * LOW HITPOINT WARNING * * *
The centaur warrior simulacrum freezes you!
You resist.
* * * LOW HITPOINT WARNING * * *
The centaur warrior simulacrum barely misses you.
The centaur warrior simulacrum is struck by your spines.
The centaur warrior simulacrum barely misses you.
The centaur warrior simulacrum kicks you.
* * * LOW HITPOINT WARNING * * *
The centaur warrior simulacrum freezes you!
You resist.
You die...

##.#########.#########.#
##≈....#©.........©#....≈
#≈≈..8.#.8.8.8.8.8.#.8..≈
##≈....#©.........©#....≈
##.###################.#
##≈.#.$.©(..#.#?##©##5#.≈
#≈≈.#....##.#.#5.#..#.#.≈
##≈.#..##Z#.#.###.##.##.≈
##.#..#@5#.#.#5#.©#..#.#
##≈.#.#☼Z##.#.##.##.###.≈
#≈≈.#.####..#.##5.#..##.≈
##≈.#...Z...#.#3##.##.#.≈
##.#########.#########.#
#≈.....§.........©.....≈
#≈≈≈#≈≈≈#..∩.8.∩..#≈≈≈#≈≈
##≈###≈###.......###≈###≈
## ### ##≈≈≈≈≈## ### #


You could see a soul eater, 2 shadow imps, 3 centaur warrior simulacra and a
friendly ufetubus (summoned).

Vanquished Creatures
  Pikel (D:6)
  The ghost of LobsterGuardian the Covert, a novice GnDe (D:6)
  An ugly thing (D:11)
  Maggie (D:8)
  A troll (D:9)
  A hornet (D:5)
  2 shadows
  A wraith (D:7)
  A vampire (D:12)
  3 wyverns
  14 yaks
  2 vampire mosquitoes (D:11)
  A water moccasin (D:6)
  An acid dragon (D:10)
  A sky beast (D:7)
  2 orc warriors (D:9)
  An ogre (D:6)
  A lemure (D:6)
  6 centaurs
  A phantom (D:5)
  A kobold brigand (D:6)
  7 bullfrogs
  A gnoll sergeant (D:7)
  2 scorpions
  3 wights (D:7)
  A lava snake (D:10)
  2 hounds
  6 orc priests
  Crazy Yiuf (D:6)
  A wyvern simulacrum (Gauntlet)
  4 iguanas
  A sleepcap (D:5)
  9 orc wizards
  3 mummies (Ossuary)
  A boggart simulacrum (Gauntlet)
  13 gnolls
  8 adders
  2 shadow imps
  4 white imps
  2 ufetubi
  6 worms
  A dart slug (D:2)
  24 orcs
  5 endoplasms
  5 giant cockroaches
  11 goblins
  13 hobgoblins
  5 jackals
  9 kobolds
  6 quokkas
  12 ball pythons
  9 bats
  2 frilled lizards
  A goblin zombie (D:8)
  A quokka zombie (D:8)
  8 rats
233 creatures vanquished.

Vanquished Creatures (collateral kills)
  A centaur warrior (D:11)
  A two-headed ogre (D:11)
  A yak (D:9)
3 creatures vanquished.

Grand Total: 236 creatures vanquished

Notes
Turn   | Place    | Note
-------+----------+-------------------------------------------
     0 | D:1      | IdlyInterested the Demonspawn Fighter began the quest for
                  | the Orb.
     0 | D:1      | Reached XP level 1. HP: 18/18 MP: 1/1
   312 | D:1      | Gained mutation: Your touch may inflict minor irresistible
                  | damage on your foes. [demonic ancestry]
   312 | D:1      | Reached XP level 2. HP: 23/24 MP: 2/2
   581 | D:1      | Found Idghairph's General Store.
   582 | D:1      | Found Sitsur's Weapon Boutique.
   610 | D:1      | Found Lynut's Antique Armour Boutique.
   692 | D:1      | Found Cakeh's Magic Scroll Emporium.
  1257 | D:2      | Gained mutation: Your touch may inflict irresistible damage
                  | on your foes. [demonic ancestry]
  1257 | D:2      | Reached XP level 3. HP: 28/29 MP: 3/3
  1411 | D:2      | You fall into a shaft and drop 1 floor!
  1482 | D:2      | Reached skill level 4 in Fighting
  1488 | D:2      | Reached skill level 1 in Unarmed Combat
  1494 | D:2      | Reached XP level 4. HP: 28/37 MP: 4/4
  2158 | D:3      | Gained mutation: Your touch may irresistibly damage your
                  | foes and sap their willpower. [demonic ancestry]
  2158 | D:3      | Reached XP level 5. HP: 39/43 MP: 5/5
  2456 | D:3      | Found Mazaajuthro's Magic Scroll Shop.
  2573 | D:3      | Reached skill level 5 in Fighting
  3087 | D:4      | Gained mutation: Your movements are slightly less
                  | encumbered by armour. (ER -2) [demonic ancestry]
  3087 | D:4      | Reached XP level 6. HP: 27/51 MP: 6/6
  3790 | D:4      | Found a staircase to the Ecumenical Temple.
  3801 | Temple   | Entered the Ecumenical Temple
  3974 | D:4      | Found a blossoming altar of Fedhas.
  4125 | D:5      | Entered Level 5 of the Dungeon
  4133 | D:5      | Reached skill level 6 in Fighting
  4133 | D:5      | Gained mutation: Your movements are less encumbered by
                  | armour. (ER -4) [demonic ancestry]
  4133 | D:5      | Reached XP level 7. HP: 51/58 MP: 7/7
  4276 | D:5      | Reached skill level 1 in Dodging
  4435 | D:5      | Noticed a hornet
  4445 | D:5      | Killed a hornet
  4446 | D:5      | Reached skill level 7 in Fighting
  4446 | D:5      | Reached skill level 1 in Stealth
  4533 | D:5      | Got the Precepts of the Shapeshifter and Hurting
  5072 | D:6      | Reached skill level 1 in Evocations
  5072 | D:6      | Reached XP level 8. HP: 50/67 MP: 8/8
  5262 | D:6      | Noticed Pikel
  5297 | D:6      | Killed Pikel
  5298 | D:6      | Reached skill level 8 in Fighting
  5298 | D:6      | Reached skill level 5 in Long Blades
  5298 | D:6      | Reached skill level 1 in Throwing
  5313 | D:6      | Reached skill level 9 in Fighting
  5692 | D:6      | Identified the +3 ring mail "Dyuxyg" {rN+ Will+ Int+6}
  5719 | D:6      | Found a runed translucent door.
  5737 | D:6      | Noticed LobsterGuardian's ghost (novice GnDe)
  5861 | D:6      | Found a runed translucent door.
  5862 | D:6      | Noticed Crazy Yiuf
  5868 | D:6      | Killed Crazy Yiuf
  6002 | D:6      | Gained mutation: You are partially covered in sharp spines.
                  | [demonic ancestry]
  6002 | D:6      | Reached XP level 9. HP: 34/76 MP: 9/9
  6243 | D:6      | Killed LobsterGuardian's ghost
  6523 | D:7      | Reached skill level 10 in Fighting
  7013 | D:7      | Found Jasman's Book Shop.
  7349 | D:8      | Found a sand-covered staircase.
  7363 | Ossuary  | Entered an ossuary
  7546 | D:8      | Reached skill level 11 in Fighting
  7551 | D:8      | Gained mutation: A weak demonic guardian rushes to your
                  | aid. [demonic ancestry]
  7551 | D:8      | Reached XP level 10. HP: 28/87 MP: 10/10
  7834 | D:8      | Noticed Maggie
  7842 | D:8      | Killed Maggie
  7984 | D:8      | Found a sparkling altar of Nemelex Xobeh.
  8498 | D:9      | Found a broken altar of Ashenzari.
  8502 | D:9      | Found a hazy altar of Hepliaklqana.
  8502 | D:9      | Found a shimmering altar of Xom.
  8502 | D:9      | Found a blossoming altar of Fedhas.
  9110 | D:9      | Found Rosifetz's Weapon Emporium.
  9674 | D:9      | Found a shimmering blue altar of Sif Muna.
  9688 | D:9      | Reached skill level 12 in Fighting
  9861 | D:9      | Found an ornate altar of the Wu Jian Council.
  9977 | D:9      | Found a hazy altar of Hepliaklqana.
 10066 | D:9      | Got Sif Muna's Guide on Filth
 10068 | D:10     | Entered Level 10 of the Dungeon
 10069 | D:10     | Found Weaffyus's Antique Weapon Shoppe.
 10463 | D:10     | Gained mutation: Your magical capacity is low. (-10% MP)
                  | [potion of mutation]
 10463 | D:10     | Gained mutation: Your mind is acute. (Int +4, Str/Dex -1)
                  | [potion of mutation]
 10463 | D:10     | Gained mutation: Your mind is very acute. (Int +8, Str/Dex
                  | -2) [potion of mutation]
 10646 | D:10     | Found a broken altar of Ashenzari.
 10849 | D:10     | Found a hide-covered altar of Uskayaw.
 11023 | D:10     | Found a portal to a secret trove of treasure.
 11150 | D:10     | Found a shadowy altar of Dithmenos.
 11600 | D:11     | Noticed a centaur warrior
 11603 | D:11     | HP: 3/90 [centaur warrior/arrow (20)]
 11610 | D:11     | Killed a centaur warrior
 11611 | D:11     | Reached XP level 11. HP: 52/96 MP: 9/9
 11834 | D:11     | Noticed a brown ugly thing
 11852 | D:11     | Noticed a two-headed ogre
 11855 | D:11     | Killed a brown ugly thing
 11861 | D:11     | HP: 2/96 [two-headed ogre/+0 dire flail (20)]
 11862 | D:11     | Killed a two-headed ogre
 12128 | D:11     | Found a staircase to the Lair.
 12354 | D:12     | Found a gate leading to a gauntlet.
 12363 | Gauntlet | Entered a Gauntlet
 12363 | Gauntlet | Noticed a soul eater
 12363 | Gauntlet | Found a transporter.
 12363 | Gauntlet | Found a transporter.
 12376 | Gauntlet | Found a transporter.
 12380 | Gauntlet | Found a transporter.
 12393 | Gauntlet | Found a transporter.
 12397 | Gauntlet | Found a transporter.
 12400 | Gauntlet | Noticed a wolf spider
 12412 | Gauntlet | Found a transporter.
 12423 | Gauntlet | Found a runed translucent door.
 12425 | Gauntlet | Found a transporter.
 12427 | Gauntlet | Found a runed translucent door.
 12429 | Gauntlet | Found a transporter.
 12457 | Gauntlet | Found a transporter.
 12459 | Gauntlet | Found a runed translucent door.
 12461 | Gauntlet | Found a runed translucent door.
 12469 | Gauntlet | Found a transporter.
 12473 | Gauntlet | Found a transporter.
 12526 | Gauntlet | HP: 4/97 [centaur warrior simulacrum (3)]
 12526 | Gauntlet | Slain by a centaur warrior simulacrum

Illustrated notes

Levels and vault maps discovered:
D:1:      dpeg_chamrin_arrival_tetris, layout_basic, serial_shops, shop, shop,
          shop_fountains, nicolae_shop_waterfront, minmay_crystal_water
D:2:      minmay_recursive_quarters, layout_basic, minmay_vboxes
D:3:      minmay_angry_zag, layout_rooms, serial_bayou, serial_bayou_ford_a,
          serial_bayou_shore_a, serial_bayou_pond_d, serial_bayou_lagoon_b,
          serial_bayou_pond_b, serial_shops, nicolae_shop_pleasant_corner_grove
D:4:      layout_rooms, tso_altar, nicolae_overflow_hidden_temple,
          mainiacjoe_overflow_catwalk, minmay_temple_entry_statues_pillars,
          kennysheep_generic_room_9
D:5:      layout_basic, minmay_misc_feat_chi
D:6:      layout_cave_pools, kennysheep_mini_moat,
          ebering_ghost_reflecting_pool, minmay_liquid_box,
          kennysheep_small_square, uniq_crazy_yiuf_cottage, uniq_pikel
D:7:      layout_basic, serial_shops, shop
D:8:      layout_loops_ring, lemuel_tele_altar, enter_ossuary_4,
          hangedman_abyss_or_decor_lesser_grid, uniq_maggie
D:9:      layout_irregular_city, led_sif_book, kennysheep_little_box,
          doesnt_xom_only_xom, mainiacjoe_overflow_alcove_2, serial_shops,
          nicolae_shop_tiny_waterfront
D:10:     layout_stronghold, grunt_dithmenos_shadows, ashenzari_altar_1,
          nicolae_uskayaw_suspiria, enter_trove_2, serial_shops,
          nicolae_shop_statue_plus, chequers_serial_rivers_large_a
D:11:     layout_big_octagon, lair_entry_dummy
D:12:     layout_irregular_city, david_orc_1_choice, gauntlet_entry_generic,
          grunt_ministairs_15, minmay_misc_feat_roman, uniq_psyche
Temple:   chequers_temple_sunken
Gauntlet: minmay_gauntlet_77_indecision
          [minmay_gauntlet_arena_77_tiled_triplets,
          minmay_gauntlet_arena_77_hold_the_fort,
          minmay_gauntlet_arena_77_cramped, minmay_gauntlet_arena_77_squiggly,
          minmay_gauntlet_arena_77_shame_cube,
          minmay_gauntlet_arena_77_double_cross, gauntlet_exit_hidden_loot]

Skill      XL: |  1  2  3  4  5  6  7  8  9 10 11 |
---------------+----------------------------------+-----
Long Blades    | 2 3 4 5 6 8 9 |  9.2
Armour         | 3 4 |  4.0
Fighting       | 4 5 6 7 9 11 12 | 12.8
Unarmed Combat | 1 2 3 4 |  4.0
Dodging        | 1 3 4 |  4.0
Stealth        | 1 2 |  2.0
Evocations     | 1 |  1.2
Throwing       | 1 |  1.0
Shields        | |  2.6

Action                     |  1- 3 |  4- 6 |  7- 9 | 10-12 || total
---------------------------+-------+-------+-------+-------++-------
  Melee: Long sword        |   104 |   223 |   267 |    81 ||   675
         Touch             |    15 |    43 |    46 |    42 ||   146
         Punch             |       |     4 |     9 |     4 ||    17
         Scimitar          |       |       |       |    99 ||    99
  Throw: Stone             |       |       |     6 |     2 ||     8
  Evoke: Wand              |       |       |       |     5 ||     5
    Use: Scroll            |     4 |     2 |     3 |     4 ||    13
         Potion            |       |       |     3 |    10 ||    13
   Stab: Distracted        |       |       |       |     1 ||     1
 Armour: Scale mail        |    39 |       |       |       ||    39
         Chain mail        |     8 |    95 |    93 |    96 ||   292
         Plate armour      |       |    72 |    45 |       ||   117
  Dodge: Dodged            |    64 |    92 |   129 |   108 ||   393
  Block: Buckler           |     4 |       |       |       ||     4

Table legend: (Time is in decaauts)
 A = Elapsed time spent in this place.
 B = Non-inter-level travel time spent in this place.
 C = Inter-level travel time spent in this place.
 D = Time resting spent in this place.
 E = Time spent auto-exploring this place.
 F = Levels seen in this place.
 G = Mean time per level.
                   A        B        C        D        E       F      G
               +--------+--------+--------+--------+--------+-----+--------+
         Total |  12777 |  11834 |    943 |   2656 |   6075 |  15 |  851.8 |
       Dungeon |  12303 |  11385 |    918 |   2574 |   5894 |  12 | 1025.2 |
        Temple |    212 |    188 |     24 |      0 |    181 |   1 |  212.0 |
       Ossuary |     99 |     99 |      0 |     82 |      0 |   1 |   99.0 |
      Gauntlet |    162 |    162 |      0 |      0 |      0 |   1 |  162.0 |
               +--------+--------+--------+--------+--------+-----+--------+

Top non-repeatable levels by time:
     D:9: 1965 daAuts
     D:6: 1366 daAuts
     D:1: 1274 daAuts
     D:7: 1120 daAuts
    D:10: 1082 daAuts
     D:3: 1037 daAuts
     D:4: 949 daAuts
     D:5: 875 daAuts
     D:2: 873 daAuts
    D:11: 822 daAuts
     D:8: 787 daAuts
  Temple: 212 daAuts
Gauntlet: 162 daAuts
    D:12: 148 daAuts
 Ossuary: 99 daAuts
